 Dungeon Crawl Stone Soup version 0.24.0-41-g2ae2f7f1be (webtiles) character file.

Game seed: 11776209671463294661, levelgen mode: deterministic

1036 Kobolds4U the Destroyer (level 8, -4/41 HPs)
             Began as a Deep Elf Conjurer on Dec 15, 2019.
             Was an Initiate of Qazlal.
             Shot with an arrow by a centaur (5 damage)
             ... on level 5 of the Dungeon.
             The game lasted 00:14:04 (6378 turns).

Kobolds4U the Destroyer (Deep Elf Conjurer)         Turns: 6378, Time: 00:14:04

Health: -4/41      AC:  3    Str:  6    XL:     8   Next: 3%
Magic:  2/14       EV: 13    Int: 22    God:    Qazlal [......]
Gold:   217        SH:  0    Dex: 15    Spells: 3/13 levels left

rFire    . . .     SeeInvis .   e - +0 short sword
rCold    . . .     Gourm    .   (no shield)
rNeg     . . .     Faith    .   a - +0 robe
rPois    .         Spirit   .   (no helmet)
rElec    .         Reflect  .   j - +0 cloak
rCorr    .         Harm     .   (no gloves)
MR       .....                  (no boots)
Stlth    ++........             (no amulet)
HPRegen  0.13/turn              (no ring)
MPRegen  0.14/turn              (no ring)

@: no status effects
A: no striking features
a: Renounce Religion


You were on level 5 of the Dungeon.
You worshipped Qazlal.
Qazlal was noncommittal.
You were very hungry.

You visited 2 branches of the dungeon, and saw 6 of its levels.
You also visited: Sewer.

You collected 217 gold pieces.

Inventory:

Hand Weapons
 e - a +0 short sword (weapon)
Armour
 a - a +0 robe (worn)
 j - a +0 cloak (worn)
Jewellery
 t - a cursed -3 ring of protection {unknown}
Scrolls
 d - 4 scrolls of immolation
 f - 3 scrolls of identify
 g - 4 scrolls of blinking
 k - 2 scrolls of magic mapping {unknown}
 l - a scroll of amnesia {unknown}
 m - a scroll of remove curse {unknown}
 r - 2 scrolls of fog {unknown}
Potions
 b - 2 potions of might {unknown}
 h - 4 potions of curing {unknown}
 i - 2 potions of heal wounds {unknown}
 n - a potion of degeneration {unknown}
 o - 2 potions of brilliance {unknown}
 p - a potion of mutation {unknown}
 q - 4 potions of haste {unknown}
 s - a potion of lignification {unknown}
 u - a potion of agility
 v - 2 potions of invisibility {unknown}
Comestibles
 c - 7 rations


   Skills:
 - Level 2.4 Dodging
 - Level 2.4 Stealth
 - Level 3.0 Spellcasting
 + Level 11.0 Conjurations


You had 3 spell levels left.
You knew the following spells:

 Your Spells              Type           Power        Failure   Level  Hunger
a - Magic Dart            Conj           ####         1%          1    None
b - Searing Ray           Conj           ######       1%          2    ##.....
c - Dazzling Spray        Conj/Hex       ####..       3%          3    ###....
d - Force Lance           Conj/Tloc      ####....     13%         4    ####...

Your spell library contained the following spells:

 Spells                   Type           Power        Failure   Level  Hunger
 Iskenderun's Mystic Bla  Conj           ######..     1%          4    ####...
 Fulminant Prism          Conj/Hex       ####......   13%         4    ####...


Dungeon Overview and Level Annotations

Branches:
Dungeon (5/15)             Temple (1/1) D:5           Sewer (visited)

Altars:
Cheibriados
Dithmenos
Elyvilon
Fedhas
Gozag
Hepliaklqana
Makhleb
Nemelex Xobeh
Okawaru
Qazlal
Ru
Sif Muna
Trog
Uskayaw
Wu Jian
Yredelemnul
Zin
The Shining One

Annotations:
D:4 2 transporters, FishyPogo's ghost, amateur GnSk


Message History

Casting: Dazzling Spray (safe; 3% risk of failure)
Confirm with . or Enter, or press ? or * to list all spells.
You don't have enough magic to cast that spell.
Unknown command.
You open the door.
The centaur shoots an arrow.
The arrow hits you!
* * * LOW HITPOINT WARNING * * *
The shadow imp closely misses you.
There is an open door here.
As you read the scroll labeled KIOPRU VO GIB, it crumbles to dust.
The creatures around you are filled with an inner flame!
It was a scroll of immolation.
The shadow imp hits you.
* * * LOW HITPOINT WARNING * * *
Really read the scroll of immolation?
Okay, then.
As you read the scroll labeled UMMUECE XUFF, it crumbles to dust.
It is a scroll of identify.
g - 4 scrolls of blinking The centaur is no longer blind.
The shadow imp barely misses you.
The centaur shoots an arrow.
The arrow hits you.
You die...

#.....#'######
#..........#
#..........#
#..........#
#....#.##### ###
........o.# #..
##....#.#c# #..
........#'## +..
###......5@# #..
#.........#######.##
#..
#..........(()).....
#..
#....########co...##
#.. #.... .....# #..
... .##### #.. .. .#
.# ..


You could see a centaur (inner flame), an orc wizard and a shadow imp (inner
flame).

Vanquished Creatures
  A sky beast (D:5)
  An ogre (D:4)
  5 big kobolds (Sewer)
  A howler monkey (D:5)
  A bullfrog skeleton (D:4)
  A jelly (D:5)
  An iguana (D:4)
  Ijyb (D:5)
  2 worker ants
  An orc wizard (D:4)
  A killer bee zombie (D:5)
  A hound skeleton (D:5)
  A howler monkey skeleton (D:5)
  10 adders
  A river rat (Sewer)
  5 oozes (Sewer)
  7 worms
  3 dart slugs
  2 leopard geckos
  8 orcs
  5 giant cockroaches
  7 goblins
  9 hobgoblins
  4 jackals (D:2)
  7 kobolds
  2 quokkas (D:3)
  9 ball pythons
  2 bats
  6 frilled lizards
  12 rats
117 creatures vanquished.

Notes
Turn   | Place    | Note
-------+----------+-------------------------------------------
     0 | D:1      | Kobolds4U the Deep Elf Conjurer began the quest for the
                  | Orb.
     0 | D:1      | Reached XP level 1. HP: 10/10 MP: 6/6
   668 | D:1      | Reached skill level 5 in Conjurations
   668 | D:1      | Reached XP level 2. HP: 6/15 MP: 2/8
   672 | D:1      | Learned a level 2 spell: Searing Ray
  1372 | D:2      | Reached XP level 3. HP: 13/19 MP: 0/9
  1679 | D:2      | Reached skill level 6 in Conjurations
  1789 | D:2      | Reached XP level 4. HP: 23/24 MP: 6/10
  1806 | D:2      | Learned a level 3 spell: Dazzling Spray
  2670 | D:3      | Found a glowing drain.
  2674 | Sewer    | Entered a sewer
  2810 | Sewer    | Noticed a big kobold
  2831 | Sewer    | Killed a big kobold
  2831 | Sewer    | Reached skill level 7 in Conjurations
  2831 | Sewer    | Reached XP level 5. HP: 28/28 MP: 0/11
  2837 | Sewer    | Learned a level 4 spell: Force Lance
  3068 | Sewer    | Reached skill level 8 in Conjurations
  3068 | Sewer    | Reached XP level 6. HP: 31/32 MP: 0/12
  3648 | Sewer    | Reached skill level 9 in Conjurations
  3836 | Sewer    | Reached XP level 7. HP: 36/36 MP: 6/13
  4294 | D:4      | Found a transporter.
  4294 | D:4      | Noticed FishyPogo's ghost (amateur GnSk)
  4459 | D:4      | Found a bloodstained altar of Trog.
  4587 | D:4      | Found a glowing golden altar of the Shining One.
  4787 | D:4      | Reached skill level 10 in Conjurations
  4936 | D:4      | Found a transporter.
  5518 | D:5      | Entered Level 5 of the Dungeon
  5570 | D:5      | Noticed Ijyb
  5581 | D:5      | Paralysed by Ijyb for 6 turns
  5679 | D:5      | Killed Ijyb
  5958 | D:5      | Found a staircase to the Ecumenical Temple.
  5976 | Temple   | Entered the Ecumenical Temple
  6007 | Temple   | Became a worshipper of Qazlal Stormbringer
  6248 | D:5      | Reached XP level 8. HP: 41/41 MP: 10/14
  6272 | D:5      | Reached skill level 11 in Conjurations
  6339 | D:5      | Found a sparkling altar of Nemelex Xobeh.
  6374 | D:5      | HP: 2/41 [centaur/arrow (14)]
  6378 | D:5      | Shot with an arrow by a centaur

Levels and vault maps discovered:
D:1:      ncdulo_lavacross, layout_rooms, serial_corexii_hall,
          corexii_hall_statues_i, corexii_hall_statues_i,
          chequers_serial_rivers_micro_d
D:2:      layout_loops_ring, minmay_pentomino_s4
D:3:      layout_basic, tgw_xom, gup_sewer_entry_bowl
D:4:      layout_rooms, overflow_temple_1_default, lemuel_doored_altar,
          gammafunk_ghost_mausoleum, first_ration
D:5:      layout_basic, nemelex_xobeh_ov_fountains_minmay,
          kiku_gazebo_pond_becter, minmay_temple_entry_large_hall, uniq_ijyb
Temple:   nicolae_temple_no_exploring_needed

Skill      XL: |  1  2  3  4  5  6  7  8 |
---------------+-------------------------+-----
Conjurations   | 5 6 7 8 9 10 11 | 11.0
Dodging        | |  2.4
Stealth        | |  2.4
Spellcasting   | |  3.0

Action                   |  1- 3 |  4- 6 |  7- 9 || total
-------------------------+-------+-------+-------++-------
Melee: Short sword       |    32 |    18 |     8 ||    58
 Cast: Magic Dart        |    56 |    87 |    98 ||   241
       Searing Ray       |     2 |    12 |     7 ||    21
       Dazzling Spray    |       |     2 |    11 ||    13
       Force Lance       |       |       |     2 ||     2
  Use: Scroll            |       |       |     2 ||     2
 Stab: Sleeping          |     3 |     3 |     1 ||     7
       Invisible         |       |       |     1 ||     1
  Eat: Chunk             |     3 |     7 |     8 ||    18
Armor: Robe              |    10 |     9 |     8 ||    27
Dodge: Dodged            |    33 |    26 |    32 ||    91
